 Dungeon Crawl Stone Soup version 0.29.0-4-gdea44cf6ec (webtiles) character file.

Game seed: 9260031338679973660

92 qw the Chopper (level 4, -4/26 HPs)
             Began as a Tengu Warper on Aug 28, 2022.
             Slain by a goblin
             ... wielding a +0 club
             ... led by Robin
              (5 damage)
             ... on level 2 of the Dungeon.
             The game lasted 00:00:14 (2460 turns).

qw the Chopper (Tengu Warper)                       Turns: 2460, Time: 00:00:14

Health: -4/26      AC:  8    Str: 13    XL:     4   Next: 60%
Magic:  8/8        EV:  6    Int: 13    God:
Gold:   103        SH:  0    Dex: 14    Spells: 7/7 levels left

rFire   . . .      SeeInvis .   Y - +0 hand axe
rCold   . . .      Faith    .   (no shield)
rNeg    . . .      Spirit   .   i - +0 chain mail
rPois   .          Reflect  .   (helmet restricted)
rElec   .          Harm     .   (no cloak)
rCorr   .          Rampage  .   (no gloves)
Will    .....                   (boots unavailable)
Stlth   ..........              (no amulet)
HPRegen 0.08/turn               (no ring)
MPRegen 0.11/turn               (no ring)

@: no status effects
A: beak, talons 3
a: no special abilities


You were on level 2 of the Dungeon.
You visited 1 branch of the dungeon, and saw 2 of its levels.

You collected 103 gold pieces.


Innate Abilities, Weirdness & Mutations

You have a beak for a mouth.
You have claws for feet.


   Skills:
 - Level 2.0 Fighting
 + Level 5.1 Axes
 - Level 1.0 Throwing
 - Level 1.1 Armour
 - Level 2.1 Dodging
 - Level 2.0 Spellcasting
 - Level 2.4 Translocations


You had 7 spell levels left.
You didn't know any spells.
Your spell library contained the following spells:

 Spells                   Type           Power      Damage    Failure   Level
 Blink                    Tloc           14%        N/A       99%         2
 Gell's Gravitas          Tloc           7%         N/A       100%        3
 Lesser Beckoning         Tloc           7%         N/A       100%        3
 Teleport Other           Tloc           7%         N/A       100%        3
 Manifold Assault         Tloc           7%         N/A       100%        5

Inventory:

Hand Weapons
 g - a +0 whip
 Y - a +0 hand axe (weapon)
Armour
 i - a +0 chain mail (worn)
Scrolls
 a - 4 scrolls of identify
 c - 2 scrolls of teleportation {unknown}
 j - a scroll of noise {unknown}
 k - a scroll of brand weapon {unknown}
Potions
 b - a potion of lignification {unknown}
 d - 3 potions of curing
 e - 2 potions of degeneration {unknown}
 f - a potion of brilliance {unknown}
 h - a potion of mutation {unknown}

Dungeon Overview and Level Annotations

Branches:
Dungeon (2/15)

Altars:

Annotations:
D:2 Robin


Message History

The goblin hits you but does no damage.
You miss the goblin. The goblin barely misses you.
The goblin hits you but does no damage. The goblin barely misses you.
The goblin hits you with a +0 club. The hobgoblin barely misses you.
You closely miss the hobgoblin. You peck the hobgoblin.
The hobgoblin is heavily wounded.
You hit the goblin.
You kill the goblin!
You closely miss the goblin. You completely miss the goblin.
Robin hits you but does no damage. The goblin barely misses you.
The goblin hits you with a +0 club.
You hit the hobgoblin.
You kill the hobgoblin!
You closely miss the goblin. You hit the goblin. You barely miss the hobgoblin.
Robin hits you but does no damage. The goblin hits you but does no damage.
The hobgoblin hits you but does no damage.
The goblin hits you with a +0 club.
You hit the goblin.
You kill the goblin!
You hit the hobgoblin. You barely miss the hobgoblin.
You hit the goblin but do no damage. Robin hits you but does no damage.
The hobgoblin barely misses you. The goblin hits you with a +0 club.
You hit the hobgoblin.
You kill the hobgoblin!
You closely miss the goblin. You hit the hobgoblin. Robin closely misses you.
The goblin hits you with a +0 club. The hobgoblin hits you.
You hit the hobgoblin.
You kill the hobgoblin!
You closely miss the goblin. You hit the goblin. Robin barely misses you.
The goblin closely misses you. The goblin hits you but does no damage.
You barely miss the goblin. Your kick misses the goblin.
The goblin is moderately wounded.
You closely miss the goblin.
Robin hits you from afar with a +0 spear.
The goblin hits you with a +0 club.
You die...

#.....#....#....
.....#.....#....#.... .
....#.....#....#.... ..
#..........#.###....
...##...................
......?.................
(....g......#...........
......%g##+##...........
......)@)...............
...#..%)g...............
#..........#####.....
#.....(##### #.'.....
######## ###..... #.....
#..... #..... #.....


You could see Robin and 2 goblins.

Vanquished Creatures
  2 adders (D:2)
  4 dart slugs (D:1)
  8 ball pythons
  4 endoplasms (D:1)
  2 giant cockroaches (D:1)
  8 goblins
  7 hobgoblins
  3 jackals (D:2)
  9 kobolds
  2 quokkas (D:1)
  5 bats
  4 rats
58 creatures vanquished.

Notes
Turn   | Place    | Note
-------+----------+-------------------------------------------
     0 | D:1      | qw the Tengu Warper began the quest for the Orb.
     0 | D:1      | Reached XP level 1. HP: 12/12 MP: 4/4
     0 | D:1      | 0 ||| qw: Version: 0.1-a-89-g26bdef1
     0 | D:1      | 0 ||| qw: Game counter: 1197
     0 | D:1      | 0 ||| qw: Always use a shield: true
     0 | D:1      | 0 ||| qw: God list: Okawaru
     0 | D:1      | 0 ||| qw: Allow faded altars: false
     0 | D:1      | 0 ||| qw: Do Orc after D:15 true
     0 | D:1      | 0 ||| qw: Do second Lair branch before Depths: true
     0 | D:1      | 0 ||| qw: Lair rune preference: random
     0 | D:1      | 0 ||| qw: Plans: Normal
     0 | D:1      | 0 ||| PLANNING D:1-11
   149 | D:1      | 149 ||| Stepping ~*~*~tactically~*~*~ (hiding).
   254 | D:1      | 254 ||| Stepping ~*~*~tactically~*~*~ (stealth).
   256 | D:1      | 256 ||| Stepping ~*~*~tactically~*~*~ (stealth).
   263 | D:1      | HP: 2/12 [kobold/+0 whip (4)]
   265 | D:1      | Reached skill level 3 in Axes
   265 | D:1      | Reached XP level 2. HP: 3/17 MP: 6/6
   375 | D:1      | 375 ||| Stepping ~*~*~tactically~*~*~ (stealth).
   584 | D:1      | 584 ||| Stepping ~*~*~tactically~*~*~ (stealth).
   927 | D:1      | Reached XP level 3. HP: 18/21 MP: 7/7
   933 | D:1      | 933 ||| Stepping ~*~*~tactically~*~*~ (stealth).
   934 | D:1      | 934 ||| Stepping ~*~*~tactically~*~*~ (stealth).
   970 | D:1      | 970 ||| Stepping ~*~*~tactically~*~*~ (stealth).
   973 | D:1      | 973 ||| Stepping ~*~*~tactically~*~*~ (hiding).
   977 | D:1      | 977 ||| Stepping ~*~*~tactically~*~*~ (hiding).
  1099 | D:1      | 1099 ||| Stepping ~*~*~tactically~*~*~ (hiding).
  1201 | D:1      | 1201 ||| Stepping ~*~*~tactically~*~*~ (hiding).
  1210 | D:1      | Reached skill level 4 in Axes
  1350 | D:1      | 1350 ||| Stepping ~*~*~tactically~*~*~ (stealth).
  1406 | D:1      | 1406 ||| Stepping ~*~*~tactically~*~*~ (stealth).
  1407 | D:1      | 1407 ||| Stepping ~*~*~tactically~*~*~ (stealth).
  1409 | D:1      | 1409 ||| Stepping ~*~*~tactically~*~*~ (stealth).
  1576 | D:1      | 1576 ||| UPGRADING to +0 scale mail.
  1586 | D:1      | 1586 ||| DROPPING +0 leather armour.
  1587 | D:1      | 1587 ||| UPGRADING to +0 chain mail.
  1597 | D:1      | 1597 ||| DROPPING +0 scale mail.
  1598 | D:1      | 1598 ||| READING 2 scrolls labelled SESMOIPIUG.
  1599 | D:1      | 1599 ||| READING scroll labelled VULECO LYUMO.
  1600 | D:1      | 1600 ||| DROPPING scroll of blinking.
  1616 | D:1      | 1616 ||| READING 2 scrolls of identify.
  1616 | D:1      | 1616 ||| IDENTIFYING red potion
  1845 | D:2      | 1845 ||| Stepping ~*~*~tactically~*~*~ (stealth).
  1848 | D:2      | 1848 ||| Stepping ~*~*~tactically~*~*~ (stealth).
  1877 | D:2      | 1877 ||| FLEEEEING.
  1878 | D:2      | 1878 ||| FLEEEEING.
  1879 | D:2      | 1879 ||| FLEEEEING.
  1880 | D:2      | 1880 ||| FLEEEEING.
  1881 | D:2      | 1881 ||| FLEEEEING.
  1882 | D:2      | 1882 ||| FLEEEEING.
  1930 | D:2      | 1930 ||| Stepping ~*~*~tactically~*~*~ (stealth).
  1943 | D:2      | 1943 ||| Stepping ~*~*~tactically~*~*~ (stealth).
  1960 | D:2      | 1960 ||| Stepping ~*~*~tactically~*~*~ (stealth).
  1974 | D:2      | Reached XP level 4. HP: 25/26 MP: 8/8
  2263 | D:2      | Reached skill level 5 in Axes
  2448 | D:2      | Noticed Robin
  2458 | D:2      | HP: 4/26 [hobgoblin[Robin] (3)]
  2460 | D:2      | HP: 1/26 [Robin/+0 spear (3)]
  2460 | D:2      | Slain by a goblin

Levels and vault maps discovered:
D:1:      saegor_arrival_simple_b, layout_loops_ring
D:2:      layout_basic, uniq_robin

Skill      XL: |  1  2  3  4 |
---------------+-------------+-----
Axes           | 3 4 5 |  5.1
Fighting       | |  2.0
Throwing       | |  1.0
Armour         | |  1.1
Dodging        | |  2.1
Spellcasting   | |  2.0
Translocations | |  2.4

Action                   |  1- 3 |  4- 6 || total
-------------------------+-------+-------++-------
Melee: Hand axe          |   100 |    37 ||   137
       Kick              |    19 |     2 ||    21
       Peck              |     5 |     2 ||     7
Throw: Boomerang         |     7 |       ||     7
  Use: Scroll            |     3 |       ||     3
 Stab: Distracted        |       |     1 ||     1
Armor: Leather armour    |    18 |       ||    18
       Chain mail        |    28 |    36 ||    64
Dodge: Dodged            |    40 |    15 ||    55

Table legend:
 A = Non-vault XP
 B = Vault XP
 C = Vault XP percentage of total XP
 D = Non-vault monster count
 E = Vault monster count
 F = Vault count percentage of total count
                 A         B        C        D         E       F
            +---------+---------+-------+---------+---------+-------
      Total |     116 |      16 |  12.1 |      50 |       8 |  13.8
            +---------+---------+-------+---------+---------+-------
        D:1 |      57 |       0 |   0.0 |      28 |       0 |   0.0
        D:2 |      59 |      16 |  21.3 |      22 |       8 |  26.7
            +---------+---------+-------+---------+---------+-------
